TOP OF THE 1ST |
Belleville Bulls batting - Pitching for Bellevue Bruins : RHP Roberto Covas
|
Pitching: RHP Roberto Covas
|
|
Batting: LHB Manuel Sánchez
|
0-0: Called Strike 0-1: Called Strike 0-2: Foul Ball, location: 2F 0-2: Ball 1-2: SINGLE (Groundball, 4M)
|
Batting: RHB Paddy Hodnett
|
0-0: Called Strike 0-1: Ball 1-1: Ball 2-1: Swinging Strike 2-2: Foul Ball, location: 2F 2-2: Strikes out swinging
|
Batting: RHB Felipe Gonzáles
|
0-0: Foul Ball, location: 2F 0-1: Swinging Strike Pickoff Throw to First - Error! E1 Manuel Sánchez to second 0-2: Ball 1-2: Foul Ball, location: 2F 1-2: SINGLE (Groundball, 56D) Manuel Sánchez to third Runner from 3rd tries for Home, SAFE, no throw or cutoff
|
Batting: LHB Alfredo Farías
|
0-0: Ball 1-0: Grounds into double play, 4-6-3 (Groundball, 4)
|
Top of the 1st over - 1 run(s), 2 hit(s), 1 error(s), 0 left on base; Belleville 1 - Bellevue 0 |
BOTTOM OF THE 1ST |
Bellevue Bruins batting - Pitching for Belleville Bulls : LHP Reynaldo Sánchez
|
Pitching: LHP Reynaldo Sánchez
|
|
Batting: LHB Orlando López
|
0-0: Fly out, F8 (Flyball, 8LM)
|
Batting: RHB Leo Shoemaker
|
0-0: Ball 1-0: Swinging Strike 1-1: Ball 2-1: Called Strike 2-2: Strikes out swinging
|
Batting: RHB Jesús Vargas
|
0-0: Ball 1-0: Ball 2-0: Ball 3-0: Base on Balls
|
Batting: RHB José Carlos Pérez
|
0-0: Fly out, F6 (Line Drive, 6)
|
Bottom of the 1st over - 0 run(s), 0 hit(s), 0 error(s), 1 left on base; Belleville 1 - Bellevue 0 |
TOP OF THE 2ND |
Belleville Bulls batting - Pitching for Bellevue Bruins : RHP Roberto Covas
|
Batting: RHB Henry Mann
|
0-0: Ball 1-0: Ball 2-0: Ball 3-0: Swinging Strike 3-1: Fly out, F8 (Flyball, 8LS)
|
Batting: RHB Lee Charles
|
0-0: Ball 1-0: Foul Ball, location: 2F 1-1: Ball 2-1: Foul Ball, location: 2F 2-2: Strikes out looking
|
Batting: RHB Ángel Rosa
|
0-0: Ball 1-0: Foul Ball, location: 2F 1-1: Fly out, F9 (Flyball, 9M)
|
Top of the 2nd over - 0 run(s), 0 hit(s), 0 error(s), 0 left on base; Belleville 1 - Bellevue 0 |
BOTTOM OF THE 2ND |
Bellevue Bruins batting - Pitching for Belleville Bulls : LHP Reynaldo Sánchez
|
Batting: RHB Nelson Abbey
|
0-0: Ball 1-0: Called Strike 1-1: Fly out, F6 (Popup, 56D)
|
Batting: RHB Nick Hoskins
|
0-0: Called Strike 0-1: Foul Ball, location: 2F 0-2: Ground out 4-3 (Groundball, 4)
|
Batting: SHB Jesús Rodríguez
|
0-0: Ball 1-0: Ball 2-0: Ball 3-0: Base on Balls
|
Batting: RHB Mark Bishop
|
0-0: Ball 1-0: Ground out 6-3 (Groundball, 6)
|
Bottom of the 2nd over - 0 run(s), 0 hit(s), 0 error(s), 1 left on base; Belleville 1 - Bellevue 0 |
TOP OF THE 3RD |
Belleville Bulls batting - Pitching for Bellevue Bruins : RHP Roberto Covas
|
Batting: RHB Jaime Ramírez
|
0-0: SINGLE (Line Drive, 6)
|
Batting: RHB Howard Fewell
|
0-0: Called Strike 0-1: Ball 1-1: Ball 2-1: Swinging Strike 2-2: Fielders Choice at 2nd, 4-6 (Groundball, 4)
|
Batting: LHB Manuel Sánchez
|
0-0: Swinging Strike 0-1: Foul Ball, location: 2F 0-2: Foul Ball, location: 2F 0-2: Ball 1-2: Ball 2-2: Ball Howard Fewell is caught stealing 2nd base 3-2: Strikes out swinging
|
Top of the 3rd over - 0 run(s), 1 hit(s), 0 error(s), 0 left on base; Belleville 1 - Bellevue 0 |
BOTTOM OF THE 3RD |
Bellevue Bruins batting - Pitching for Belleville Bulls : LHP Reynaldo Sánchez
|
Batting: SHB Ramón García
|
0-0: Reached on error, E5 (Groundball, 56)
|
Batting: LHB Orlando López
|
0-0: Foul Ball, location: 2F 0-1: Swinging Strike 0-2: Ball 1-2: Ball Passed Ball! Ramón García to second 2-2: Strikes out swinging
|
Batting: RHB Leo Shoemaker
|
0-0: Ball 1-0: TRIPLE (Line Drive, 9LM) Ramón García scores
|
Batting: RHB Jesús Vargas
|
0-0: Ball 1-0: SINGLE (Flyball, 9S) Leo Shoemaker scores
|
Batting: RHB José Carlos Pérez
|
Pickoff Throw to First - Out! 0-0: Fly out, F7 (Line Drive, 7D)
|
Bottom of the 3rd over - 2 run(s), 2 hit(s), 1 error(s), 0 left on base; Belleville 1 - Bellevue 2 |
TOP OF THE 4TH |
Belleville Bulls batting - Pitching for Bellevue Bruins : RHP Roberto Covas
|
Batting: RHB Paddy Hodnett
|
0-0: Fly out, F9 (Flyball, 89M)
|
Batting: RHB Felipe Gonzáles
|
0-0: Called Strike 0-1: Ball 1-1: SINGLE (Groundball, 6MD)
|
Batting: LHB Alfredo Farías
|
0-0: Ground out 3-1 (Groundball, 34S) Felipe Gonzáles to second
|
Batting: RHB Henry Mann
|
0-0: Foul Ball, location: 2F 0-1: Ball 1-1: Swinging Strike 1-2: Ball Wild Pitch! Felipe Gonzáles to third 2-2: Foul Ball, location: 2F 2-2: Foul Ball, location: 2F 2-2: Ball 3-2: SINGLE (Line Drive, 4MD) Felipe Gonzáles scores
|
Batting: RHB Lee Charles
|
0-0: Called Strike 0-1: Ball 1-1: Ball 2-1: Ball Henry Mann steals 2nd base 3-1: Ground out 5-3 (Groundball, 5)
|
Top of the 4th over - 1 run(s), 2 hit(s), 0 error(s), 1 left on base; Belleville 2 - Bellevue 2 |
BOTTOM OF THE 4TH |
Bellevue Bruins batting - Pitching for Belleville Bulls : LHP Reynaldo Sánchez
|
Now in LF: Rafael Delgado
|
|
Batting: RHB Nelson Abbey
|
0-0: Called Strike 0-1: Ball 1-1: SINGLE (Groundball, 6M)
|
Batting: RHB Nick Hoskins
|
0-0: Ball 1-0: Called Strike 1-1: Fly out, F9 (Flyball, 89M)
|
Batting: SHB Jesús Rodríguez
|
0-0: Called Strike 0-1: Foul Ball, location: 2F 0-2: Ball 1-2: Foul Ball, location: 2F 1-2: Grounds into double play, 5-4-3 (Groundball, 5)
|
Bottom of the 4th over - 0 run(s), 1 hit(s), 0 error(s), 0 left on base; Belleville 2 - Bellevue 2 |
TOP OF THE 5TH |
Belleville Bulls batting - Pitching for Bellevue Bruins : RHP Roberto Covas
|
Batting: RHB Ángel Rosa
|
0-0: Foul Ball, location: 2F 0-1: Reached on error, E5 (Groundball, 15S)
|
Batting: RHB Jaime Ramírez
|
0-0: Ball 1-0: Fly out, F7 (Flyball, 78S)
|
Batting: RHB Rafael Delgado
|
0-0: Ball 1-0: Ball 2-0: Foul Ball, location: 2F 2-1: Ball 3-1: Fly out, F8 (Flyball, 8RM)
|
Batting: LHB Manuel Sánchez
|
0-0: Ground out 4-3 (Groundball, 4MS)
|
Top of the 5th over - 0 run(s), 0 hit(s), 1 error(s), 1 left on base; Belleville 2 - Bellevue 2 |
BOTTOM OF THE 5TH |
Bellevue Bruins batting - Pitching for Belleville Bulls : LHP Reynaldo Sánchez
|
Batting: RHB Mark Bishop
|
0-0: Called Strike 0-1: Ground out 1-3 (Groundball, 25)
|
Batting: SHB Ramón García
|
0-0: Ball 1-0: Called Strike 1-1: Fly out, F9 (Popup, 9S)
|
Batting: LHB Orlando López
|
0-0: Ball 1-0: Ground out 4-3 (Groundball, 13)
|
Bottom of the 5th over - 0 run(s), 0 hit(s), 0 error(s), 0 left on base; Belleville 2 - Bellevue 2 |
TOP OF THE 6TH |
Belleville Bulls batting - Pitching for Bellevue Bruins : RHP Roberto Covas
|
Batting: RHB Paddy Hodnett
|
0-0: Ball 1-0: Called Strike 1-1: Ball 2-1: Ball 3-1: Fly out, F9 (Flyball, 9LSF)
|
Batting: RHB Felipe Gonzáles
|
0-0: Ball 1-0: Called Strike 1-1: Foul Ball, location: 2F 1-2: SOLO HOME RUN (Flyball, 7D), Distance : 410 ft
|
Batting: LHB Alfredo Farías
|
0-0: Fly out, F8 (Flyball, 8RM)
|
Batting: RHB Henry Mann
|
0-0: Called Strike 0-1: Ball 1-1: Swinging Strike 1-2: Foul Ball, location: 2F 1-2: Foul Ball, location: 2F 1-2: Fly out, F2 (Popup, 23)
|
Top of the 6th over - 1 run(s), 1 hit(s), 0 error(s), 0 left on base; Belleville 3 - Bellevue 2 |
BOTTOM OF THE 6TH |
Bellevue Bruins batting - Pitching for Belleville Bulls : LHP Reynaldo Sánchez
|
Batting: RHB Leo Shoemaker
|
0-0: Foul Ball, location: 2F 0-1: Ball 1-1: Fly out, F8 (Flyball, 8RM)
|
Batting: RHB Jesús Vargas
|
0-0: SINGLE (Flyball, 89S)
|
Batting: RHB José Carlos Pérez
|
0-0: Ball Jesús Vargas steals 2nd base 1-0: Foul Ball, location: 2F 1-1: Fly out, F7 (Flyball, 78D)
|
Batting: RHB Nelson Abbey
|
0-0: Called Strike 0-1: Ball 1-1: SINGLE (Line Drive, 8LS) Jesús Vargas to third Runner from 3rd tries for Home, SAFE, no throw or cutoff
|
Batting: RHB Nick Hoskins
|
0-0: Ball 1-0: Called Strike Pickoff Throw to First - Error! E1 Nelson Abbey to second 1-1: Called Strike 1-2: Foul Ball, location: 2F 1-2: Ball 2-2: Ball 3-2: Base on Balls
|
Batting: SHB Jesús Rodríguez
|
0-0: SINGLE (Groundball, 56D) Nelson Abbey to third Nick Hoskins to second Runner from 3rd tries for Home, SAFE, no throw or cutoff
|
Batting: RHB Mark Bishop
|
0-0: Fly out, F8 (Flyball, 8LM)
|
Bottom of the 6th over - 2 run(s), 3 hit(s), 1 error(s), 2 left on base; Belleville 3 - Bellevue 4 |
TOP OF THE 7TH |
Belleville Bulls batting - Pitching for Bellevue Bruins : RHP Roberto Covas
|
Batting: RHB Lee Charles
|
0-0: Ball 1-0: Called Strike 1-1: Ground out 6-3 (Groundball, 6)
|
Batting: RHB Ángel Rosa
|
0-0: Called Strike 0-1: Ball 1-1: Called Strike 1-2: Ball 2-2: Foul Ball, location: 2F 2-2: Ball 3-2: Base on Balls
|
Pinch Hitting: LHB Jim Unknown
|
0-0: Called Strike 0-1: Foul Ball, location: 2F 0-2: Ball 1-2: Ball 2-2: Ball 3-2: Fly out, F6 (Popup, 6M)
|
Pitching: RHP Joe Griffin
|
|
Pinch Hitting: LHB Jim Unknown
|
0-0: Ball 1-0: Called Strike 1-1: Ball 2-1: Called Strike 2-2: Strikes out swinging
|
Top of the 7th over - 0 run(s), 0 hit(s), 0 error(s), 1 left on base; Belleville 3 - Bellevue 4 |
BOTTOM OF THE 7TH |
Bellevue Bruins batting - Pitching for Belleville Bulls : LHP Reynaldo Sánchez
|
Now at 2B: Jim Unknown
|
|
Now in LF: Jim Unknown
|
|
Batting: SHB Ramón García
|
0-0: Called Strike 0-1: Ground out 5-3 (Groundball, 56)
|
Batting: LHB Orlando López
|
0-0: Ball 1-0: Ball 2-0: SINGLE (Line Drive, 4D)
|
Batting: RHB Leo Shoemaker
|
0-0: Called Strike 0-1: Ball 1-1: Called Strike 1-2: Strikes out swinging
|
Pinch Hitting: RHB Jim Unknown
|
0-0: Called Strike Orlando López is caught stealing 2nd base
|
Bottom of the 7th over - 0 run(s), 1 hit(s), 0 error(s), 0 left on base; Belleville 3 - Bellevue 4 |
TOP OF THE 8TH |
Belleville Bulls batting - Pitching for Bellevue Bruins : RHP Joe Griffin
|
Pitching: RHP Ed Taylor
|
|
Now at 2B: Luis Rodríguez
|
|
Now in RF: Jim Unknown
|
|
Batting: LHB Manuel Sánchez
|
0-0: Ball 1-0: Ball 2-0: Ball 3-0: Called Strike 3-1: Fly out, F9 (Flyball, 9LM)
|
Batting: RHB Paddy Hodnett
|
0-0: Swinging Strike 0-1: Fly out, F8 (Flyball, 8RM)
|
Batting: RHB Felipe Gonzáles
|
0-0: Called Strike 0-1: Swinging Strike 0-2: Strikes out swinging
|
Top of the 8th over - 0 run(s), 0 hit(s), 0 error(s), 0 left on base; Belleville 3 - Bellevue 4 |
BOTTOM OF THE 8TH |
Bellevue Bruins batting - Pitching for Belleville Bulls : LHP Reynaldo Sánchez
|
Batting: RHB Jim Unknown
|
0-0: Ground out 5-3 (Groundball, 5)
|
Batting: RHB José Carlos Pérez
|
0-0: Swinging Strike 0-1: Foul Ball, location: 2F 0-2: Ball 1-2: Ball 2-2: Ground out 5-3 (Groundball, 56)
|
Batting: RHB Nelson Abbey
|
0-0: Called Strike 0-1: Ball 1-1: Foul Ball, location: 2F 1-2: Fly out, F9 (Flyball, 9M)
|
Bottom of the 8th over - 0 run(s), 0 hit(s), 0 error(s), 0 left on base; Belleville 3 - Bellevue 4 |
TOP OF THE 9TH |
Belleville Bulls batting - Pitching for Bellevue Bruins : RHP Ed Taylor
|
Pitching: RHP Lyndon Smith
|
|
Now at C: Arsenio Sameiro
|
|
Batting: LHB Alfredo Farías
|
0-0: Ball 1-0: Ball 2-0: Called Strike 2-1: Foul Ball, location: 2F 2-2: Foul Ball, location: 2F 2-2: Foul Ball, location: 2F 2-2: Strikes out looking
|
Batting: RHB Henry Mann
|
0-0: Ball 1-0: Ball 2-0: Foul Ball, location: 2F 2-1: Ground out 5-3 (Groundball, 56)
|
Batting: RHB Lee Charles
|
0-0: Fly out, F8 (Flyball, 8RM)
|
Top of the 9th over - 0 run(s), 0 hit(s), 0 error(s), 0 left on base; Belleville 3 - Bellevue 4 |
|